Map: Dead of Night

Players

HahaTTpro

  • Race: Terran Terran
  • Spawn Location: 0:00

ongtong

  • Race: Terran Terran

VOD

Have the link to the VOD?

Description

Time

  • Played on: Aug. 27, 2023, 10:35 a.m.
  • Length: 26:52
Show
View Real Time Build Order
Export as new Build Order

HahaTTpro Terran 

Build Orders:  

Get SALT Encoding   

  12  0:02  SCV  
  13  0:30  SCV  
  14  0:43  SCV  
  14  0:47  Supply Depot  
  15  0:59  Supply Depot  
  15  1:16  SCV  
  15  1:18  Supply Depot  
  16  1:27  Factory  
  16  1:43  SCV  
  16  1:46  Supply Depot  
  17  1:57  SCV  
  18  2:04  Factory  
  18  2:10  SCV  
  19  2:24  Supply Depot  
  19  2:27  SCV  
  20  2:38  Refinery  
  20  2:41  SCV  
  21  2:55  SCV  
  22  3:21  Devastation Turret  
  22  3:25  Hellbat  
  24  3:49  Hellbat  
  24  3:50  Perdition Turret  
  26  4:17  SCV  
  27  4:25  Factory Reactor  
  27  4:26  Factory Tech Lab  
  27  4:30  SCV  
  27  4:39  Supply Depot  
  28  4:44  SCV  
  29  4:52  Hellbat  
  29  4:58  SCV  
  32  5:11  Supply Depot  
  32  5:16  Hellbat  
  32  5:20  Devastation Turret  
  34  5:42  Engineering Bay  
  34  5:47  Infernal Pre-Igniter  
  34  5:54  Refinery  
  34  5:56  SCV  
  35  6:09  SCV  
  35  6:19  Armory  
  36  7:00  Devastation Turret  
  36  7:12  Infernal Plating  
  36  7:16  Hellbat  
  36  7:19  Hellbat, Hi-Sec Auto Tracking  
  36  7:20  Hellbat  
  36  7:22  Hellion x4  
  47  7:40  Hellbat  
  44  8:14  Upgrade Laser Drill Level 1  
  44  9:38  Hellbat x2  
  44  9:47  Siege Tank  
  51  9:50  Terran Vehicle and Ship Weapons Level 1  
  45  10:02  Hellbat x2  
  45  11:54  Devastation Turret  
  45  12:04  Maelstrom Rounds  
  45  12:10  Structure Armor  
  45  12:13  SCV  
  46  12:24  Refinery  
  46  12:26  SCV  
  47  12:30  Terran Vehicle And Ship Armor Level 1  
  47  12:36  Starport  
  47  12:37  Hellbat  
  47  12:38  Hellbat  
  47  12:40  SCV  
  52  12:55  Devastation Turret  
  52  13:01  Hellbat x2  
  56  13:18  Ares-Class Targeting System  
  56  13:23  SCV  
  56  13:28  Starport  
  57  13:37  SCV  
  58  13:44  Devastation Turret  
  58  13:51  SCV  
  59  14:04  SCV  
  59  14:08  Devastation Turret  
  60  14:26  Goliath  
  60  14:27  Goliath  
  64  14:58  Goliath  
  66  15:00  Siege Tank  
  69  15:14  Supply Depot  
  69  15:34  Spinning Dizzy  
  69  15:41  Devastation Turret  
  69  15:45  Siege Tank  
  56  17:57  Hellbat x2  
  56  18:06  Siege Tank  
  61  18:21  Hellbat x2  
  61  18:29  Siege Tank x2  
  61  18:42  Siege Tank  
  61  18:45  Hellbat x2  
  68  19:43  Perdition Turret  
  68  19:52  Spinning Dizzy  
  68  21:11  Devastation Turret  
  68  21:34  Devastation Turret  
  68  21:58  Starport Reactor  
  68  22:00  Starport Tech Lab  
  68  22:15  Spinning Dizzy  
  68  22:37  Factory  
  68  22:57  Spinning Dizzy  
  68  23:01  Devastation Turret  
  68  23:12  Siege Tank  
  68  23:17  Wraith x3  
  77  23:33  Supply Depot  
  77  23:48  Spinning Dizzy  
  77  23:55  Devastation Turret  
  77  23:57  Wraith  
  79  24:03  Wraith x2, Siege Tank  
  79  24:04  Supply Depot  
  86  24:23  Siege Tank  
  86  24:37  Supply Depot  
  86  25:08  Supply Depot  
Show
View Real Time Build Order
Export as new Build Order

ongtong Terran 

Build Orders:  

Get SALT Encoding   

  12  0:03  SCV  
  13  0:23  Refinery  
  13  0:27  SCV  
  14  0:44  SCV  
  15  1:01  SCV  
  15  1:09  Refinery  
  16  1:17  SCV  
  17  1:34  SCV  
  18  1:47  Muscle Armory  
  18  1:51  SCV  
  19  2:11  SCV  
  20  2:28  SCV  
  21  2:34  Engineering Bay  
  21  2:45  SCV  
  22  3:01  Tychus  
  22  3:19  Flashforce GDM Visor  
  22  3:39  Miles Blaze Lewis  
  32  4:09  SCV  
  33  4:26  SCV  
  34  4:43  SCV  
  35  4:56  Outlaw Weapons Level 1  
  35  5:00  SCV  
  36  5:17  SCV  
  37  5:30  Refinery  
  37  5:37  SCV  
  38  5:54  SCV  
  39  6:10  SCV  
  39  6:13  Fixers Safehouse  
  40  6:56  Outlaw Life and Armor Level 1  
  40  7:01  Lt Layna Nikara  
  50  7:15  Medivac Platform  
  50  8:35  High Capacity Containers, Hades Oil  
  50  8:46  Gunslingers Hideout  
  50  8:58  Outlaw Weapons Level 2  
  50  9:53  Auto-Turret  
  50  10:21  Auto-Turret  
  50  11:23  Crooked Sam  
  60  11:35  Auto-Turret  
  60  11:47  SCV  
  61  12:01  Auto-Turret  
  61  12:03  SCV  
  62  12:30  Auto-Turret  
  62  12:52  Outlaw Life and Armor Level 2  
  62  12:55  Auto-Turret  
  62  13:23  Auto-Turret  
  62  13:35  SCV  
  63  13:52  SCV  
  64  14:09  SCV  
  65  14:25  SCV  
  66  14:42  SCV  
  67  15:02  Nux  
  77  15:13  Outlaw Weapons Level 3  
  77  15:20  Wildflame Fuel Additives  
  77  16:20  Kel-Morian Ripper Rounds  
  77  16:32  Vanadium Shell  
  77  17:17  KD9a Implosion Core  
  77  17:53  Outlaw Life and Armor Level 3  
  77  19:18  Moebius Restraint Matrix, LarsCorp G7 Charges  
  77  19:23  Procyon Shade Suit  
  77  21:17  Auto-Turret  
  77  21:43  Auto-Turret  
  77  21:48  Umojan Repair Nanites, Procyon Serum  
  77  22:11  Auto-Turret  
  77  22:12  Procyon Twin Heal Beam Gauntlet  
  77  23:30  T4 Cloudburst Shells  
  77  24:56  Ultrasonic Boosters, Crystalline Amplifiers  
Tags
 
Add a new tag
Caveats
  • Supply blocks, unpowered buildings, or Contaminate may cause inaccurate times.
  • Supply counts are checked every 10 seconds.